 Dungeon Crawl Stone Soup version 0.31-a0-983-g7b6862f502 (webtiles) character file.

Game seed: 45100706893831162

190540 Persephone the Warrior (level 17, -13/156 HPs)
             Began as a Minotaur Monk on Nov 2, 2023.
             Was the Champion of Hepliaklqana.
             Killed from afar by Nikola (65 damage)
             ... with an arc of chain lightning
             ... on level 2 of the Spider Nest.
             The game lasted 01:02:24 (28356 turns).

Persephone the Warrior (Minotaur Monk)             Turns: 28356, Time: 01:02:25

Health: -13/156    AC: 23    Str: 21    XL:     17   Next: 54%
Magic:  0/25       EV: 16    Int:  7    God:    Hepliaklqana [******]
Gold:   688        SH: 32    Dex: 21    Spells: 16/16 levels left

rFire   + . .        w - +4 broad axe (venom)
rCold   + . .        r - +0 tower shield
rNeg    . . .        u - +4 ring mail of Sloth {rF+ Regen+ Dex+3}
rPois   +            D - +2 hat of the Bear Spirit {Spirit, Bear, *Rage Will++}
rElec   .            C - +2 cloak of the Thief {*Fog Slay-2 SInv Stlth+}
rCorr   .            n - +0 pair of gloves
SInv    +            b - +0 pair of boots
Will    ++++.        N - brooch of Shielding {Spirit SH+8}
Stlth   ++           P - ring of Xom's Best Wishes {rPois rC+ Will+ Dex+2}
HPRegen 1.26/turn    Q - ring of the Octopus King {Fly HP+2 AC+2 EV+2 SH+2}
MPRegen 0.19/turn

%: random rage (20%), guardian spirit
@: on berserk cooldown, flying, slowed, studying Shields, very slow
A: reduced essence, horns 2, retaliatory headbutt
}: 1/15 runes: barnacled
a: Renounce Religion, Recall Ancestor, Ancestor Identity, Transference, Idealise


You were on level 2 of the Spider Nest.
You worshipped Hepliaklqana.
Hepliaklqana was exalted by your worship.
You visited 6 branches of the dungeon, and saw 29 of its levels.
You also visited: Bailey and Gauntlet.

You collected 2924 gold pieces.
You spent 2236 gold pieces at shops.

Inventory:

Hand Weapons
 w - a +4 broad axe of venom (weapon)
Missiles
 R - 25 silver javelins
 V - 3 boomerangs
Armour
 b - a +0 pair of boots (worn)
 n - a +0 pair of gloves (worn)
 r - a +0 tower shield (worn)
 u - the +4 ring mail of Sloth (worn) {rF+ Regen+ Dex+3}
   (You found it on level 4 of the Dungeon)

   Dex+3:     It affects your dexterity (+3).
   rF+:       It protects you from fire.
   Regen+:    It increases your rate of health regeneration.
 C - the +2 cloak of the Thief (worn) {*Fog Slay-2 SInv Stlth+}
   (You bought it in a shop on level 2 of the Orcish Mines)

   *Fog:      It may release a thick cloud of smoke when the wearer is hurt.
   Slay-2:    It affects your accuracy & damage with ranged weapons and melee
   (-2).
   SInv:      It lets you see invisible.
   Stlth+:    It makes you more stealthy.
 D - the +2 hat of the Bear Spirit (worn) {Spirit, Bear, *Rage Will++}
   (You found it on level 13 of the Dungeon)

   Bear:      Going berserk makes the wearer exceptionally tough, and they are
   slowed for a shorter time afterward.
   Will++:    It greatly increases your willpower.
   *Rage:     It berserks you when you make melee attacks (+20% chance).
 M - the +0 cloak of Blue Happiness {Str+3 Slay+2}
   (You found it on level 1 of the Shoals)

   Str+3:     It affects your strength (+3).
   Slay+2:    It affects your accuracy & damage with ranged weapons and melee
   (+2).
 U - a scarf of resistance
Jewellery
 m - a ring of positive energy
 B - an amulet of the acrobat
 L - the ring "Arghiphot" {rN+++ Str+4 Int-4 Dex+6 Stlth+}
   (You took it off a merfolk aquamancer on level 4 of the Shoals)

   [ring of dexterity]

   Str+4:     It affects your strength (+4).
   Int-4:     It affects your intelligence (-4).
   Dex+6:     It affects your dexterity (+6).
   rN+++:     It renders you almost immune to negative energy.
   Stlth+:    It makes you more stealthy.
 N - the brooch of Shielding (around neck) {Spirit SH+8}
   (You took it off a merfolk impaler on level 4 of the Shoals)

   [amulet of guardian spirit]

   Spirit:    It causes incoming damage to be divided between your reserves of
   health and magic.
   SH+8:      It affects your SH (+8).
 O - a ring of wizardry
 P - the ring of Xom's Best Wishes (left hand) {rPois rC+ Will+ Dex+2}
   (You bought it in a shop on level 1 of the Orcish Mines)

   [ring of poison resistance]

   Dex+2:     It affects your dexterity (+2).
   rC+:       It protects you from cold.
   rPois:     It protects you from poison Will+: It increases your willpower.
 Q - a ring of the Octopus King (right hand) {Fly HP+2 AC+2 EV+2 SH+2}
   (You found it in a Gauntlet)

   [ring of flight]

   AC+2:      It affects your AC (+2).
   EV+2:      It affects your evasion (+2).
   HP+2:      It affects your health (+2).
   Fly:       It grants you flight.
   SH+2:      It affects your SH (+2).
 S - the ring of Daem {rN+ Will+}
   (You found it in a Gauntlet)

   [ring of positive energy]

   rN+:       It protects you from negative energy.
   Will+:     It increases your willpower.
 T - a ring of positive energy
Wands
 d - a wand of digging (9)
 g - a wand of roots (20)
 K - a wand of polymorph (5)
Scrolls
 e - 4 scrolls of teleportation
 p - 2 scrolls of blinking
 v - a scroll of vulnerability
 x - 4 scrolls of amnesia
 y - 3 scrolls of revelation
 H - 12 scrolls of identify
 I - 3 scrolls of summoning
 W - 3 scrolls of enchant armour
 Y - a scroll of acquirement
 Z - 3 scrolls of immolation
Potions
 a - 4 potions of ambrosia
 c - 7 potions of curing
 h - 3 potions of might
 j - 8 potions of mutation
 k - 3 potions of attraction
 o - 6 potions of cancellation
 q - 3 potions of brilliance
 s - 3 potions of invisibility
 t - 4 potions of enlightenment
 z - 2 potions of haste
 A - 2 potions of lignification
 G - a potion of berserk rage {unknown}
Miscellaneous
 i - a phantom mirror
 l - a tin of tremorstones (2/2)


   Skills:
 * Level 20.8 Fighting
 - Level 18.0 Axes
 + Level 8.8 Throwing
 + Level 14.9 Armour
 - Level 5.9 Dodging
 + Level 17.3 Shields
 + Level 12.6 Invocations


You had 16 spell levels left.
You didn't know any spells.
Your spell library contained the following spells:

 Spells                   Type           Power      Damage    Failure   Level
 Apportation              Tloc           0%         N/A       82%         1
 Foxfire                  Conj/Fire      0%         2x1d4     82%         1
 Kiss of Death            Conj/Necr      0%         2d5       82%         1
 Magic Dart               Conj           0%         1d3       82%         1
 Necrotise                Necr           0%         1d4       82%         1
 Slow                     Hex            0%         N/A       82%         1
 Sting                    Tmut/Pois      0%         1d3       82%         1
 Summon Small Mammal      Summ           0%         N/A       82%         1
 Blink                    Tloc           0%         N/A       91%         2
 Call Imp                 Summ           0%         N/A       91%         2
 Cigotuvi's Dreadful Rot  Necr/Pois/Air  0%         N/A       91%         2
 Lesser Beckoning         Tloc           0%         N/A       91%         2
 Momentum Strike          Conj/Tloc      0%         3d8       91%         2
 Poisonous Vapours        Pois/Air       0%         N/A       91%         2
 Sublimation of Blood     Necr           0%         N/A       91%         2
 Confusing Touch          Hex            0%         N/A       99%         3
 Frozen Ramparts          Ice            0%         1d1       99%         3
 Gell's Gravitas          Tloc           0%         N/A       99%         3
 Ignite Poison            Fire/Tmut/Pois 0%         N/A       99%         3
 Mephitic Cloud           Conj/Pois/Air  0%         N/A       99%         3
 Ozocubu's Armour         Ice            0%         N/A       99%         3
 Sigil of Binding         Hex            0%         N/A       99%         3
 Teleport Other           Tloc           0%         N/A       99%         3
 Vampiric Draining        Necr           0%         2d6       99%         3
 Volatile Blastmotes      Fire/Tloc      0%         2d10      99%         3
 Anguish                  Hex/Necr       0%         N/A       100%        4
 Cause Fear               Hex            0%         N/A       100%        4
 Dispel Undead            Necr           0%         3d6       100%        4
 Flame Wave               Conj/Fire      0%         2d4       100%        4
 Fulminant Prism          Conj/Hex       0%         3d5       100%        4
 Iskenderun's Mystic Bla  Conj/Tloc      0%         2d3       100%        4
 Olgreb's Toxic Radiance  Pois           0%         N/A       100%        4
 Summon Ice Beast         Ice/Summ       0%         N/A       100%        4
 Vhi's Electric Charge    Tloc/Air       0%         N/A       100%        4
 Arcjolt                  Conj/Air       0%         1d10      100%        5
 Fireball                 Conj/Fire      0%         3d3       100%        5
 Freezing Cloud           Conj/Ice/Air   0%         6-21      100%        5
 Summon Mana Viper        Hex/Summ       0%         N/A       100%        5
 Dispersal                Tloc           0%         N/A       100%        6
 Plasma Beam              Fire/Air       0%         2x1d10    100%        6
 Simulacrum               Ice/Necr       0%         N/A       100%        6
 Starburst                Conj/Fire      0%         6d3       100%        6
 Enfeeble                 Hex            0%         N/A       100%        7
 Monstrous Menagerie      Summ           0%         N/A       100%        7
 Ozocubu's Refrigeration  Ice            0%         4d7       100%        7
 Borgnjor's Revivificati  Necr           0%         N/A       100%        8
 Ignition                 Fire           0%         3d3       100%        8
 Dragon's Call            Summ           0%         N/A       100%        9
 Polar Vortex             Ice            0%         N/A       100%        9


Dungeon Overview and Level Annotations

Branches:
Dungeon (15/15)            Temple (1/1) D:4            Lair (5/5) D:11
 Shoals (4/4) Lair:2       Spider (2/4) Lair:2        Slime (0/5) Lair:4
    Orc (2/2) D:11            Elf (0/3) Orc:2        Vaults (0/5) D:13
 Depths (0/4) D:15         Bailey (visited)         Gauntlet (visited)

Altars:
Ashenzari
Cheibriados
Dithmenos
Elyvilon
Fedhas
Gozag
Hepliaklqana
Kikubaaqudgha
Makhleb
Nemelex Xobeh
Okawaru
Qazlal
Ru
Sif Muna
Trog
Uskayaw
Vehumet
Wu Jian
Xom
Yredelemnul
Zin
The Shining One
Jiyva

Shops:
D:3 (   D:5 ?   D:14 :*   Orc:1 =   Orc:2 [[[=   Shoals:3 [

Annotations:
D:4 2 transporters, zombiefied1015's ghost, weakling MiBe
D:8 2 transporters
D:12 3 runed translucent doors, hgbash's ghost, journeyman TrFi
D:15 Roxanne
Spider:1 Runia's ghost, adept BaHs
Spider:2 Nikola


Innate Abilities, Weirdness & Mutations

Your life essence is reduced to manifest your ancestor. (-10% HP)
You have a pair of horns on your head.
You reflexively headbutt those who attack you in melee.


Message History

The jumping spider looks as sick as possible!
The jumping spider pounces on you but does no damage.
You block the jumping spider's attack. You block the redback's attack.
The jumping spider leaps!
Nikola hits you with a +4 rapier of electrocution!
You block the redback's attack.
You barely miss Nikola. You headbutt Nikola.
Nikola is severely wounded.
You barely miss the redback. You block the redback's attack.
You block Nikola's attack.
You slice the jumping spider!!
You kill the jumping spider!
You closely miss Nikola. You slice the redback!!
You kill the redback!
Nikola hits you with a +4 rapier of electrocution.
You are electrocuted!!
You hit Nikola but do no damage.
Nikola is severely wounded.
Nikola hits you with a +4 rapier of electrocution.
You block Nikola's attack.
You barely miss Nikola. You headbutt Nikola!
Nikola is almost dead.
Nikola barely misses you. You furiously retaliate!
You headbutt Nikola! You hit Nikola.
Nikola is almost dead.
You block Nikola's attack.
You hit Nikola but do no damage.
Nikola looks as sick as possible!
Nikola is almost dead.
You block Nikola's attack.
You closely miss Nikola. Your headbutt misses Nikola.
Nikola is almost dead.
Nikola gestures wildly while chanting.
Lightning arcs from Nikola's hands!
The bolt of lightning hits you!!!!
Ouch! That really hurt!
With a swish of your cloak, you release a cloud of fog.
A bolt of lightning appears from out of thin air!
The bolt of lightning hits Nikola.
Nikola casts a spell.
Lightning arcs from Nikola's hands!
The bolt of lightning hits you!!!!
You die...

#.#......##.##....# ..
##............†...# .# #
#...#.###.[.##.#.(#.?#...
##†^#.#######..^#...(...[
#..†.#.###.....#.#.#(..##
#.†<†#.......###.##.^..#
####†.##.#.#.§§#†§.^#.#.#
#..# #....#§§§..#.....
#...# ..#.#§§@##...!#.#
#.#(.. #...§#@§#).#..^.
#^..#.. #.#.#§§#§..#...
###^...#. #....##.## .
####.# #..#...##..
#.#.##..#†...#^ #.#..?#
....# # ...#.# #.#.# ##
## ^>...


You could see Nikola (extremely poisoned).

Vanquished Creatures
  Saint Roka (Orc:2)
  Jorgrun (Shoals:1)
  A kraken (Shoals:2)
  Polyphemus (Shoals:2)
  Gastronok (Lair:2)
  Ilsuiw (Shoals:2)
  An emperor scorpion (Spider:2)
  Louise (D:14)
  An angel (Shoals:4)
  A minotaur (Gauntlet)
  Azrael (D:12)
  A spark wasp (Spider:2)
  A fire dragon (D:15)
  9 merfolk impalers
  5 merfolk javelineers (Shoals:4)
  3 hydras
  2 merfolk avatars
  A boulder beetle (D:11)
  An ice dragon (D:15)
  A catoblepas (Lair:5)
  A centaur warrior (D:14)
  A deep troll shaman (Lair:5)
  6 merfolk aquamancers
  5 two-headed ogres
  11 death yaks
  A satyr (Shoals:3)
  3 alligator snapping turtles
  5 orc high priests (Orc:2)
  Sonja (Lair:2)
  An occultist (D:15)
  5 skysharks
  Nergalle (Lair:3)
  A pharaoh ant (Spider:1)
  3 skeletal warriors
  4 sea snakes
  3 orb spiders
  Lodul (D:14)
  A cherub (Shoals:4)
  A sixfirhy (Gauntlet)
  A glowing orange brain (D:13)
  2 lindwurms
  2 harpies (Lair:2)
  5 orc knights
  9 manticores
  A deep elf pyromancer (D:15)
  8 ugly things
  An oklob plant (Lair:5)
  2 wolf spiders
  5 cyclopes
  6 fauns
  6 merfolk sirens
  2 black mambas (Lair:5)
  9 elephants
  An apocalypse crab (Gauntlet)
  5 water nymphs
  2 torpor snails
  A gargoyle (D:12)
  A rime drake (Lair:1)
  A freezing wraith (D:13)
  Jeremiah (Lair:1)
  2 cane toads
  8 komodo dragons
  An ice devil (Gauntlet)
  3 tengu conjurers
  13 merfolk
  3 meliai (Spider:1)
  5 polar bears
  A red devil (D:13)
  4 trolls
  A tarantella (Spider:1)
  Prince Ribbit (D:8)
  4 wind drakes
  5 snapping turtles
  A blink frog (shapeshifter) (D:14)
  6 blink frogs
  17 dream sheep
  5 slime creatures (D:13)
  11 jumping spiders
  5 culicivoras
  24 yaks
  10 water elementals
  A spriggan (shapeshifter) (D:14)
  A wyvern (Lair:2)
  2 wraiths (D:13)
  2 shadows
  10 redbacks
  2 fire elementals (D:12)
  2 steam dragons
  A chaos spawn (D:13)
  A vampire mosquito (D:12)
  2 basilisks
  A warg (Orc:1)
  Edmund (D:4)
  A hell hound (D:12)
  8 water moccasins
  4 black bears
  40 orc warriors
  2 ice beasts
  10 centaurs
  23 wolves
  7 ogres
  3 kobold brigands
  2 gnoll sergeants
  12 bullfrogs
  3 scorpions
  3 wights (D:7)
  13 killer bees
  4 howler monkeys
  2 gnoll boudas (D:7)
  2 hounds
  19 orc priests
  An iguana (D:7)
  Jessica (D:3)
  20 orc wizards
  6 gnolls
  5 adders
  2 white imps (D:7)
  4 ufetubi
  A worm (D:2)
  2 dart slugs
  88 orcs
  13 ball pythons
  5 endoplasms
  7 giant cockroaches
  6 hobgoblins
  6 jackals
  4 quokkas
  4 bats
  2 frilled lizards (D:1)
  4 goblins
  21 kobolds
  4 rats
  2 tentacles (Shoals:2)
683 creatures vanquished.

Vanquished Creatures (collateral kills)
  Kirke (D:12)
  Aizul (Shoals:1)
  Nessos (D:14)
  2 merfolk impalers
  2 merfolk javelineers (Shoals:4)
  An entropy weaver (shapeshifter) (D:13)
  A vault guard (D:13)
  2 hydras
  A catoblepas (Shoals:2)
  3 merfolk avatars
  A death knight (D:13)
  3 centaur warriors
  3 tengu warriors
  A death yak (Shoals:2)
  An orc high priest (Orc:2)
  A sun demon (D:13)
  3 skysharks
  A skeletal warrior (D:14)
  2 cherubim (Shoals:4)
  2 orb spiders
  3 orc knights (Orc:2)
  2 sea snakes
  A harpy (Lair:2)
  5 fauns
  2 deep elf pyromancers
  2 orc sorcerers
  8 ugly things
  3 cyclopes
  6 manticores
  3 elephants
  2 black mambas (Lair:5)
  A moth of wrath (Spider:1)
  2 merfolk sirens
  6 water nymphs
  A gargoyle (D:13)
  A cane toad (Lair:2)
  3 komodo dragons
  A kobold demonologist (D:13)
  A rime drake (Lair:1)
  9 merfolk
  A polar bear (Lair:5)
  2 trolls
  2 wind drakes (Shoals:4)
  A blink frog (Lair:4)
  A meliai (Spider:1)
  18 dream sheep
  4 snapping turtles
  A jumping spider (Spider:1)
  4 slime creatures (D:13)
  Sigmund (D:5)
  2 culicivoras (Spider:2)
  A water elemental (Shoals:3)
  10 yaks
  A wyvern (Lair:3)
  2 wraiths
  2 fire elementals (D:12)
  4 basilisks
  A chaos spawn (D:13)
  A redback (Spider:1)
  3 vampire mosquitoes (D:12)
  4 acid dragons
  10 water moccasins
  A sky beast (D:7)
  19 orc warriors
  2 black bears
  9 ogres
  7 wolves
  A centaur (D:10)
  A kobold brigand (D:9)
  7 bullfrogs
  5 scorpions
  5 killer bees (D:7)
  An electric eel (D:7)
  3 howler monkeys
  11 orc priests
  3 hounds
  2 sleepcaps (D:5)
  9 orc wizards
  5 gnolls
  An adder (D:5)
  A shadow imp (D:5)
  2 white imps (Gauntlet)
  2 ufetubi (Gauntlet)
  49 orcs
  2 goblins (D:10)
  6 kobolds
  2 tentacles (Shoals:2)
327 creatures vanquished.

Vanquished Creatures (others)
  A demonic crawler (Spider:1)
  42 battlemagi
  An ancestor (D:4)
  A tentacle (Shoals:2)
45 creatures vanquished.

Grand Total: 1055 creatures vanquished

Notes
Turn   | Place    | Note
-------+----------+-------------------------------------------
     0 | D:1      | Persephone the Minotaur Monk began the quest for the Orb.
     0 | D:1      | Reached XP level 1. HP: 19/19 MP: 0/0
   108 | D:1      | Reached XP level 2. HP: 24/26 MP: 1/1
   399 | D:1      | Reached skill level 5 in Axes
   523 | D:1      | Reached XP level 3. HP: 31/31 MP: 2/2
  1090 | D:2      | Found a shadowy altar of Dithmenos.
  1243 | D:2      | Identified the orb of the Devil's Advocate {*Rage, rElec
                  | rF+ Will+}
  1607 | D:3      | Noticed Jessica
  1613 | D:3      | Killed Jessica
  1614 | D:3      | Reached XP level 4. HP: 21/39 MP: 3/3
  1748 | D:3      | Found a faded altar of an unknown god.
  1889 | D:3      | Reached XP level 5. HP: 24/45 MP: 4/4
  2118 | D:3      | Found a glowing silver altar of Zin.
  2118 | D:3      | Noticed an angel
  2123 | D:3      | Found Toog's Antique Weapon Shoppe.
  2292 | D:4      | Noticed a black bear
  2295 | D:4      | Found a staircase to the Ecumenical Temple.
  2298 | D:4      | Noticed an ogre
  2305 | D:4      | Killed a black bear
  2309 | D:4      | Killed an ogre
  2310 | D:4      | Reached XP level 6. HP: 25/51 MP: 5/5
  2318 | Temple   | Entered the Ecumenical Temple
  2360 | Temple   | Became a worshipper of Hepliaklqana the Forgotten
  2360 | Temple   | Reached * piety under Hepliaklqana
  2360 | Temple   | Reached ** piety under Hepliaklqana
  2573 | D:4      | Identified the +3 buckler of the Farrier {SInv}
  2757 | D:4      | Noticed Edmund
  2771 | D:4      | HP: 1/45 [Edmund/+4 dire flail of protection (13)]
  2774 | D:4      | Killed Edmund
  2973 | D:4      | Found a transporter.
  3107 | D:4      | Identified the +4 ring mail of Sloth {rF+ Regen+ Dex+3}
  3116 | D:4      | Found a transporter.
  3177 | D:4      | Noticed zombiefied1015's ghost (weakling MiBe)
  3203 | D:5      | Entered Level 5 of the Dungeon
  3252 | D:5      | Identified the +0 leather armour "Riusoul" {rPois Str+5}
  3266 | D:5      | Found an opulent altar of Gozag.
  3288 | D:5      | Noticed a steam dragon
  3296 | D:5      | Killed a steam dragon
  3297 | D:5      | Reached skill level 10 in Axes
  3297 | D:5      | Reached XP level 7. HP: 47/51 MP: 6/6
  3392 | D:5      | Remembered your ancestor Kammani as a battlemage
  3484 | D:5      | Noticed Sigmund
  3491 | D:5      | Killed Sigmund
  3755 | D:5      | Found Ankuotegai's Magic Scroll Boutique.
  3916 | D:5      | Reached XP level 8. HP: 56/57 MP: 7/7
  4247 | D:6      | Reached *** piety under Hepliaklqana
  5070 | D:7      | Reached XP level 9. HP: 63/63 MP: 8/8
  5166 | D:7      | Reached skill level 15 in Axes
  5197 | D:7      | Found a flagged portal.
  5206 | Bailey   | Entered a bailey
  5410 | Bailey   | Reached skill level 4 in Fighting
  5410 | Bailey   | Reached skill level 1 in Armour
  5477 | Bailey   | Reached skill level 1 in Invocations
  5542 | Bailey   | Noticed an orc knight
  5561 | Bailey   | Killed an orc knight
  5562 | Bailey   | Reached skill level 5 in Fighting
  5562 | Bailey   | Reached XP level 10. HP: 24/72 MP: 8/10
  5635 | D:7      | Reached **** piety under Hepliaklqana
  5679 | D:7      | Found a radiant altar of Vehumet.
  5751 | D:7      | Reached skill level 6 in Fighting
  5954 | D:7      | Found a glowing golden altar of the Shining One.
  6191 | D:7      | Found a shimmering altar of Xom.
  6404 | D:8      | Found a transporter.
  6506 | D:8      | Found a hide-covered altar of Uskayaw.
  6512 | D:8      | Reached skill level 5 in Dodging
  6570 | D:8      | Found a transporter.
  6667 | D:8      | Noticed Prince Ribbit
  6673 | D:8      | Killed Prince Ribbit
  6674 | D:8      | Reached skill level 7 in Fighting
  6971 | D:8      | Reached ***** piety under Hepliaklqana
  7658 | D:9      | Reached skill level 8 in Fighting
  7668 | D:9      | Reached skill level 5 in Armour
  7900 | D:10     | Entered Level 10 of the Dungeon
  8598 | D:10     | Found an iron altar of Okawaru.
  8853 | D:11     | Reached skill level 1 in Shields
  8854 | D:11     | Noticed a tengu warrior
  8857 | D:11     | Noticed a tengu warrior
  8864 | D:11     | Killed a tengu warrior
  8865 | D:11     | Reached skill level 9 in Fighting
  8865 | D:11     | Reached XP level 11. HP: 40/87 MP: 13/13
  8872 | D:11     | Killed a tengu warrior
  9023 | D:11     | Found a gate leading to a gauntlet.
  9024 | D:11     | Noticed a boulder beetle
  9039 | D:11     | Killed a boulder beetle
  9040 | D:11     | Reached skill level 5 in Invocations
  9043 | Gauntlet | Entered a Gauntlet
  9043 | Gauntlet | Found a transporter.
  9055 | Gauntlet | Found a transporter.
  9058 | Gauntlet | Found a transporter.
  9069 | Gauntlet | Found a transporter.
  9072 | Gauntlet | Found a transporter.
  9073 | Gauntlet | Reached ****** piety under Hepliaklqana
  9080 | Gauntlet | Found a runed translucent door.
  9084 | Gauntlet | Found a transporter.
  9098 | Gauntlet | Found a transporter.
  9101 | Gauntlet | Noticed a wretched star
  9110 | Gauntlet | Found a transporter.
  9122 | Gauntlet | Found a transporter.
  9122 | Gauntlet | Noticed a great orb of eyes
  9123 | Gauntlet | Noticed a purple ugly thing
  9125 | Gauntlet | Noticed a red ugly thing
  9136 | Gauntlet | Found a transporter.
  9148 | Gauntlet | Noticed a sixfirhy
  9150 | Gauntlet | Found a transporter.
  9150 | Gauntlet | Found a transporter.
  9188 | Gauntlet | Found a runed translucent door.
  9193 | Gauntlet | Found a runed translucent door.
  9196 | Gauntlet | Found a transporter.
  9198 | Gauntlet | Found the ring of the Octopus King
  9220 | Gauntlet | Found a transporter.
  9324 | Gauntlet | Identified the +9 bardiche "Panoacro" {venom, rC- Str-3
                  | Dex+5 SInv}
  9361 | Gauntlet | Killed a sixfirhy
  9362 | Gauntlet | Reached skill level 10 in Fighting
  9373 | Gauntlet | Identified a ring of the Octopus King {Fly HP+2 AC+2 EV+2
                  | SH+2}
  9400 | Gauntlet | Paralysed by you for 3 turns
  9469 | Gauntlet | Identified the ring of Daem {rN+ Will+}
  9488 | Gauntlet | Noticed a minotaur
  9496 | Gauntlet | Killed a minotaur
  9538 | D:11     | Noticed a two-headed ogre
  9550 | D:11     | Killed a two-headed ogre
  9617 | D:11     | Noticed a two-headed ogre
  9623 | D:11     | Killed a two-headed ogre
  9624 | D:11     | Reached skill level 11 in Fighting
  9646 | D:11     | Found a staircase to the Lair.
  9695 | D:11     | Reached skill level 5 in Shields
  9932 | D:11     | Noticed a two-headed ogre
  9938 | D:11     | Killed a two-headed ogre
 10033 | D:11     | Found a staircase to the Orcish Mines.
 10323 | Orc:1    | Entered Level 1 of the Orcish Mines
 10354 | Orc:1    | Reached XP level 12. HP: 99/99 MP: 15/15
 10380 | Orc:1    | You are sucked into a shaft and drop 1 floor!
 10380 | Orc:2    | Entered Level 2 of the Orcish Mines
 10399 | Orc:2    | Noticed an orc high priest
 10410 | Orc:2    | Killed an orc high priest
 10618 | Orc:2    | Found a staircase to the Elven Halls.
 10705 | Orc:2    | Noticed Saint Roka
 10751 | Orc:1    | Noticed a two-headed ogre
 10756 | Orc:1    | Reached skill level 12 in Fighting
 10760 | Orc:1    | Killed a two-headed ogre
 11358 | Orc:1    | Found Toudyi's Jewellery Shop.
 11381 | Orc:1    | Bought the ring of Xom's Best Wishes {rPois rC+ Will+
                  | Dex+2} for 744 gold pieces
 11788 | Orc:2    | Killed Saint Roka
 11789 | Orc:2    | Reached skill level 13 in Fighting
 12362 | Orc:2    | Reached XP level 13. HP: 110/110 MP: 18/18
 12417 | Orc:2    | Reached skill level 14 in Fighting
 12835 | Orc:2    | Reached skill level 10 in Armour
 12842 | Orc:2    | Found Xelum's Antique Armour Boutique.
 12846 | Orc:2    | Found Hemmajig's Armour Shop.
 12848 | Orc:2    | Found Tulum's Jewellery Boutique.
 12850 | Orc:2    | Found Gonep's Antique Armour Boutique.
 13093 | Orc:2    | Bought the +2 cloak of the Thief {*Fog Slay-2 SInv Stlth+}
                  | for 562 gold pieces
 13093 | Orc:2    | Found the +2 cloak of the Thief {*Fog Slay-2 SInv Stlth+}
 13641 | Lair:1   | Entered Level 1 of the Lair of Beasts
 13739 | Lair:1   | Identified the +11 dire flail "Voakh" {protect, rPois rCorr
                  | Int+3}
 13841 | Lair:1   | Identified the +2 pair of boots of Hisuhu {+Inv Will-
                  | Regen+ Int+4}
 14197 | Lair:1   | Noticed Jeremiah
 14203 | Lair:1   | Reached skill level 15 in Fighting
 14237 | Lair:1   | Killed Jeremiah
 14493 | Lair:1   | Identified a scroll of acquirement
 14493 | Lair:1   | Acquired a manual of Shields
 14531 | Lair:2   | Found a hole to the Spider Nest.
 14541 | Lair:2   | Found a staircase to the Shoals.
 14834 | Lair:2   | Noticed Sonja
 14852 | Lair:2   | Killed Sonja
 15053 | Lair:2   | Noticed Gastronok
 15068 | Lair:2   | Killed Gastronok
 15069 | Lair:2   | Reached skill level 10 in Shields
 15320 | Lair:3   | Noticed Nergalle
 15321 | Lair:3   | Found a frozen archway.
 15331 | Lair:3   | Killed Nergalle
 15913 | Lair:3   | Reached skill level 16 in Fighting
 16213 | Lair:4   | Reached XP level 14. HP: 123/123 MP: 20/20
 16248 | Lair:4   | Reached skill level 1 in Throwing
 16819 | Lair:4   | Found a staircase to the Slime Pits.
 16923 | Lair:4   | Found a viscous altar of Jiyva.
 17627 | Lair:5   | Entered Level 5 of the Lair of Beasts
 18003 | Lair:5   | Reached skill level 10 in Invocations
 18207 | Lair:5   | Reached skill level 17 in Fighting
 19461 | D:12     | Reached XP level 15. HP: 106/132 MP: 21/21
 19534 | D:12     | Noticed Azrael
 19550 | D:12     | Killed Azrael
 19615 | D:12     | Found a runed translucent gate.
 19618 | D:12     | Found a runed translucent gate.
 19618 | D:12     | Noticed hgbash's ghost (journeyman TrFi)
 19619 | D:12     | Found a runed translucent gate.
 19620 | D:12     | Noticed a tengu reaver
 19709 | D:12     | Noticed Kirke
 19713 | D:12     | Killed Kirke
 20200 | D:12     | Identified the +6 war axe of the Trees {distort, rPois
                  | Stlth+}
 20956 | D:13     | Reached skill level 5 in Throwing
 20974 | D:13     | Reached skill level 18 in Fighting
 21007 | D:13     | Identified the +5 short sword "Gikhotea" {freeze, rElec}
 21386 | D:13     | Found a gate to the Vaults.
 21442 | D:13     | Found the +2 hat of the Bear Spirit {Spirit, Bear, *Rage
                  | Will++}
 21599 | D:14     | Noticed Nessos
 21671 | D:14     | Killed Nessos
 21756 | D:14     | Found Hekkokli's Book Emporium.
 21857 | D:14     | You are sucked into a shaft and drop 1 floor!
 21857 | D:15     | Entered Level 15 of the Dungeon
 21879 | D:15     | Noticed Roxanne
 21926 | D:14     | Found Eczint's Assorted Antiques.
 21926 | D:14     | Noticed Lodul
 21937 | D:14     | Killed Lodul
 22038 | D:14     | Bought a scroll of teleportation for 90 gold pieces
 22086 | D:14     | Found a shimmering altar of Xom.
 22086 | D:14     | Found a shimmering altar of Xom.
 22088 | D:14     | Found a shimmering altar of Xom.
 22091 | D:14     | Found a shimmering altar of Xom.
 22093 | D:14     | Found a shimmering altar of Xom.
 22145 | D:14     | Noticed Louise
 22153 | D:14     | Killed Louise
 22572 | D:15     | Found a staircase to the Depths.
 23208 | Orc:2    | Bought a fading plate armour for 840 gold pieces
 23208 | Orc:2    | Identified the +1 plate armour of the Big Bang {rPois rF++}
                  | (You bought it in a shop on level 2 of the Orcish Mines)
 23413 | Shoals:1 | Entered Level 1 of the Shoals
 23420 | Shoals:1 | Noticed Jorgrun
 23433 | Shoals:1 | Killed Jorgrun
 23434 | Shoals:1 | Reached XP level 16. HP: 84/143 MP: 13/23
 23456 | Shoals:1 | Identified the +0 cloak of Blue Happiness {Str+3 Slay+2}
 23716 | Shoals:1 | Reached skill level 19 in Fighting
 23717 | Shoals:1 | Reached skill level 15 in Shields
 23898 | Shoals:1 | Identified the serpent talisman of the Kettle-Drum {Dex+4}
 23898 | Shoals:1 | Noticed Aizul
 23908 | Shoals:1 | Killed Aizul
 24366 | Shoals:2 | Identified the "Bemumias"
 24533 | Shoals:2 | Identified the +3 rapier "Saapry" {drain, rElec rN++ Int-5
                  | Stlth+}
 24545 | Shoals:2 | Noticed Ilsuiw
 24641 | Shoals:2 | Killed Ilsuiw
 24687 | Shoals:2 | Noticed Polyphemus
 24722 | Shoals:2 | Killed Polyphemus
 25158 | Shoals:2 | Noticed a kraken
 25165 | Shoals:2 | Killed a kraken
 26159 | Shoals:3 | Found Zhao Yu's Dragon-Slaying Spoils.
 26426 | Shoals:4 | Identified the "Mybraemmo"
 26426 | Shoals:4 | Entered Level 4 of the Shoals
 26651 | Shoals:4 | Reached skill level 20 in Fighting
 26874 | Shoals:4 | Found a glowing golden altar of the Shining One.
 26891 | Shoals:4 | Reached XP level 17. HP: 153/153 MP: 17/25
 27132 | Shoals:4 | Found a glowing silver altar of Zin.
 27160 | Shoals:4 | Identified the ring "Arghiphot" {rN+++ Str+4 Int-4 Dex+6
                  | Stlth+}
 27697 | Shoals:4 | Found a white marble altar of Elyvilon.
 27876 | Shoals:4 | Got a barnacled rune of Zot
 28014 | Spider:1 | Entered Level 1 of the Spider Nest
 28147 | Spider:1 | Noticed Runia's ghost (adept BaHs)
 28339 | Spider:2 | Noticed Nikola
 28356 | Spider:2 | Killed from afar by Nikola

Illustrated notes

Levels and vault maps discovered:
D:1:      erik_arrival_triangle_large, layout_loops_ring, minmay_pentomino_p2
D:2:      layout_loops_ring, basic_altar
D:3:      layout_basic, zin_angel, basic_ecumenical_altar, serial_shops,
          nicolae_shop_just_a_little_nook, uniq_jessica
D:4:      wander_river, layout_loops_ring, minmay_temple_entry_arrows,
          gammafunk_ghost_gnarly_gnolls, uniq_edmund
D:5:      layout_loops_ring, nicolae_gozag_cash_rules_everything_around_me,
          serial_shops, nicolae_shop_rolled_up, st_stairs_10, uniq_sigmund
D:6:      layout_basic
D:7:      wad_river_or_something, layout_gridville, tso_oasis_becter,
          mainiacjoe_overflow_tiny_flanked, mainiacjoe_overflow_alcove_4,
          enter_bailey_6, minmay_misc_feat_x
D:8:      layout_loops_ring, nicolae_uskayaw_dance_studio, gammafunk_ghost_hive,
          uniq_prince_ribbit1
D:9:      layout_stronghold, minmay_misc_feat_alley
D:10:     layout_irregular_city, okawaru_altar_gauntlet_db,
          kennysheep_generic_room_5
D:11:     layout_cave_pods, due_lair_maze_entry_diamond, hiddenorc1_lemuel,
          gauntlet_entry_generic
D:12:     layout_grid_maze, gammafunk_ghost_split, st_stairs_4, minivault_12,
          uniq_azrael, uniq_kirke
D:13:     layout_loops_cross, hellmonk_vaults_order_and_chaos, serial_demonic,
          serial_demonic_c, serial_demonic_g, serial_demonic_e,
          serial_demonic_c, nicolae_splish_splash
D:14:     layout_basic, hangedman_decor_push, serial_shops, shop, shop,
          xom_redecorated, uniq_nessos, uniq_louise, uniq_lodul
D:15:     grunt_enter_depths_hoard, layout_rooms, hangedman_decor_peaks_small,
          uniq_roxanne
Temple:   regret_index_temple_waves
Lair:1:   layout_chaotic_city, beast_lair_carwin_8, uniq_jeremiah
Lair:2:   layout_regular_city, nicolae_shoals_entry_roost,
          nicolae_spider_entry_non_spiders, fungi_pond_lemuel, uniq_gastronok,
          uniq_sonja
Lair:3:   layout_regular_city, serial_forest, infiniplex_forest_lined_4_way,
          infiniplex_forest_lined_room_, infiniplex_forest_straight_2,
          infiniplex_forest_clump_diagonal, infiniplex_forest_clump_large,
          infiniplex_forest_lined_2, infiniplex_forest_lined_corner,
          portal_ice_cave_entry_pillars_1, uniq_nergalle
Lair:4:   layout_cave_pods, slime_entry_1, grunt_megastairs_4,
          serial_bayou_shore_b, lemuel_fruit_tree
Lair:5:   grunt_lair_end_beastmaster, layout_cave_pods, minmay_lair_oklob_items
Shoals:1: layout_shoals, uniq_aizul, uniq_jorgrun
Shoals:2: layout_shoals, uniq_ilsuiw, uniq_polyphemus
Shoals:3: layout_shoals, nicolae_shop_dragon_depot
Shoals:4: shoals_end_hellmonk_holy_island
Spider:1: layout_chambers, gammafunk_ghost_arena
Spider:2: layout_spider_delve, uniq_arachne, uniq_nikola
Orc:1:    minmay_goldmine, layout_diamond_mine, serial_shops,
          nicolae_shop_tiny_statue_garden, nicolae_orc_stony_grotto
Orc:2:    st_orc_pillars, layout_diamond_mine, basic_altar, uniq_saint_roka

Skill      XL: |  1  2  3  4  5  6  7  8  9 10 11 12 13 14 15 16 17 |
---------------+----------------------------------------------------+-----
Axes           | 4 5 6 8 10 11 14 16 17 18 | 18.0
Fighting       | 5 9 11 13 16 17 18 20 | 20.8
Armour         | 2 5 7 9 11 12 13 14 | 14.9
Invocations    | 1 4 6 8 9 10 11 12 | 12.6
Dodging        | 4 5 |  5.9
Shields        | 1 5 7 10 12 14 16 17 | 17.3
Throwing       | 4 6 7 8 |  8.8

Action                     |  1- 3 |  4- 6 |  7- 9 | 10-12 | 13-15 | 16-18 || total
---------------------------+-------+-------+-------+-------+-------+-------++-------
  Melee: Hand axe          |    89 |    68 |    20 |       |       |       ||   177
         Headbutt          |    14 |    11 |    45 |    99 |   211 |   130 ||   510
         War axe           |       |       |   145 |   389 |   336 |       ||   870
         Broad axe         |       |       |       |       |   441 |   439 ||   880
  Throw: Boomerang         |       |    15 |    42 |       |   348 |   113 ||   518
         Dart              |       |       |       |   265 |   134 |   110 ||   509
         Javelin           |       |       |       |    54 |    11 |    44 ||   109
 Invoke: Ancestor Life: Ba |       |       |     1 |       |       |       ||     1
         Recall Ancestor   |       |       |     1 |     1 |       |     1 ||     3
         Idealise          |       |       |       |       |     1 |     3 ||     4
  Evoke: Tin of tremorston |       |       |     2 |       |       |       ||     2
         Wand              |       |       |       |     6 |       |       ||     6
    Use: Scroll            |       |     6 |    13 |     7 |    18 |     9 ||    53
         Potion            |       |     2 |     3 |     5 |     1 |     5 ||    16
   Stab: Distracted        |       |       |     4 |     1 |    11 |    14 ||    30
         Sleeping          |       |       |       |       |     2 |     1 ||     3
 Armour: Robe              |    32 |       |       |       |       |       ||    32
         Leather armour    |    20 |    50 |       |       |       |       ||    70
         Ring mail         |       |     6 |   111 |   174 |   491 |   327 ||  1109
  Dodge: Dodged            |    55 |    45 |   106 |   252 |   508 |   198 ||  1164
  Block: Buckler           |       |       |       |    89 |   259 |       ||   348
         Kite shield       |       |       |       |       |   104 |       ||   104
         Tower shield      |       |       |       |       |   101 |   596 ||   697

Table legend: (Time is in decaauts)
 A = Elapsed time spent in this place.
 B = Non-inter-level travel time spent in this place.
 C = Inter-level travel time spent in this place.
 D = Time resting spent in this place.
 E = Time spent auto-exploring this place.
 F = Levels seen in this place.
 G = Mean time per level.
                   A        B        C        D        E       F      G
               +--------+--------+--------+--------+--------+-----+--------+
         Total |  28377 |  25388 |   2989 |      0 |  19215 |  31 |  915.4 |
       Dungeon |  13752 |  12357 |   1395 |      0 |  10072 |  15 |  916.8 |
        Temple |     68 |     10 |     58 |      0 |      0 |   1 |   68.0 |
          Lair |   5453 |   4983 |    470 |      0 |   3822 |   5 | 1090.6 |
        Shoals |   4610 |   4371 |    239 |      0 |   3011 |   4 | 1152.5 |
   Spider Nest |    317 |    309 |      8 |      0 |    103 |   2 |  158.5 |
  Orcish Mines |   3377 |   2560 |    817 |      0 |   1696 |   2 | 1688.5 |
        Bailey |    351 |    351 |      0 |      0 |    216 |   1 |  351.0 |
      Gauntlet |    446 |    446 |      0 |      0 |    293 |   1 |  446.0 |
               +--------+--------+--------+--------+--------+-----+--------+

Top non-repeatable levels by time:
   Orc:2: 2296 daAuts
  Lair:5: 1440 daAuts
    D:11: 1322 daAuts
Shoals:4: 1252 daAuts
Shoals:3: 1224 daAuts
Shoals:2: 1202 daAuts
    D:12: 1089 daAuts
    D:13: 1083 daAuts
  Lair:4: 1080 daAuts
   Orc:1: 1080 daAuts
     D:7: 1034 daAuts
  Lair:1: 1033 daAuts
     D:4: 1010 daAuts
    D:10: 987 daAuts
  Lair:2: 971 daAuts
